AoeStats
← CptClaude

Four Lakes

508008013Analyzed
1v1 RM · 13d ago on Sep 20, 2026· 19m 12s· 2 players
Game mode
Random Map
Map size
Tiny (2 player)
Population
200
Speed
Normal
Resources
Standard
Victory
Conquest
Starting age
Dark Age
Ending age
Imperial Age
RankedLock teamsTeams togetherTeam positionsShared explorationLock speedFull tech treeHidden civsTurbo modeCheats
Victory
Defeat
🇺🇸 Sicilians · United States
668
+18
🇩🇪 Huns · Germany
705
-18
YamahaPiano
8:52 Loom
12:15 Feudal Age
13:03 Double-Bit Axe
13:16 Fishing Lines
16:00 Castle Age
16:06 Scale Mail Armor
CptClaude
8:55 Loom
11:08 Feudal Age
13:41 Double-Bit Axe
18:02 Bloodlines
20:22 Castle Age
Connection lost

Rejoining the realm…

Still unreachable

The connection could not be restored.

Session expired

The server has moved on; the page needs a fresh start.